[ AOE2 MATCH · #505592978 ]
UnrankedItalians vs Tatars
Player's team · WIN
Rival team · LOSS
[ REPLAY ANALYSIS · EXTRACTED FROM THE RECORDED GAME ]
Feudal
8:55
Castle
19:20
Imperial
—
| APM avg | 59.1 |
| APM peak | 109 |
| eAPM avg | 29.8 |
| Villagers / military | 39 / 26 |
Focus
⚔️ 44.1% · 🌾 55.9%
Archer ×22 · Militia ×4
Feudal
10:15
Castle
20:56
Imperial
—
| APM avg | 52.9 |
| APM peak | 86 |
| eAPM avg | 19.7 |
| Villagers / military | 38 / 21 |
Focus
⚔️ 37.7% · 🌾 62.3%
Archer ×12 · Skirmisher ×6 · Militia ×3
Match map
Initial resources + every placement click. Lines = walls · curves = elevation contours. ◆ gold · ⬟ stone · ● berries · ✦ relic · ◌ wall gap
Your base· ✓ Closed at 19:20 · 36t walls · 1 gate(s)
Chimirindo's base· Open — 9t gap
Smoothed initial terrain · ◌ = detected wall gap · hover for details
Inputs per minute
— FYI Inc - - Chimirindo
Build order — FYI Inc
118 actions detected in the replay
| 0:00 | Create | Villager (Male) |
| 0:01 | Create | Villager (Male) |
| 0:01 | Build | House |
| 0:02 | Build | House |
| 0:05 | Create | Villager (Male) |
| 0:05 | Create | Villager (Male) |
| 1:25 | Create | Villager (Male) |
| 1:57 | Create | Villager (Male) |
| 1:57 | Create | Villager (Male) |
| 2:03 | Build | Lumber Camp |
| 2:18 | Create | Villager (Male) |
| 2:18 | Create | Villager (Male) |
| 2:46 | Create | Villager (Male) |
| 3:11 | Build | House |
| 3:17 | Create | Villager (Male) |
| 3:35 | Create | Villager (Male) |
| 3:54 | Create | Villager (Male) |
| 4:28 | Create | Villager (Male) |
| 4:31 | Create | Villager (Male) |
| 4:38 | Build | Mill |
| 5:11 | Create | Villager (Male) |
| 5:11 | Create | Villager (Male) |
| 5:30 | Build | House |
| 5:58 | Build | Palisade Wall |
| 5:59 | Build | Palisade Wall |
| 6:04 | Build | Palisade Wall |
| 6:15 | Research | Loom |
| 6:27 | Build | Barracks |
| 6:45 | Research | Feudal Age |
| 7:09 | Build | House |
| 7:21 | Create | Militia |
| 7:22 | Create | Militia |
| 7:36 | Build | Palisade Wall |
| 7:38 | Build | Palisade Wall |
| 7:48 | Build | Palisade Wall |
| 7:52 | Create | Militia |
| 8:25 | Build | Mining Camp |
| 8:55 | Age | Feudal Age |
| 8:57 | Create | Villager (Male) |
| 9:12 | Create | Villager (Male) |
| 9:19 | Create | Militia |
| 9:22 | Create | Villager (Male) |
| 9:33 | Create | Villager (Male) |
| 9:37 | Build | Archery Range |
| 9:48 | Create | Villager (Male) |
| 10:04 | Create | Villager (Male) |
| 10:16 | Build | Mill |
| 10:30 | Create | Archer |
| 10:32 | Research | Double-Bit Axe |
| 10:46 | Create | Archer |
| 10:54 | Build | Palisade Gate |
| 11:03 | Build | Palisade Wall |
| 11:11 | Create | Villager (Male) |
| 11:20 | Create | Archer |
| 11:25 | Build | Palisade Wall |
| 11:28 | Build | House |
| 11:36 | Build | Farm |
| 11:50 | Create | Archer |
| 11:53 | Create | Villager (Male) |
| 11:54 | Create | Villager (Male) |
| 12:16 | Build | Farm |
| 12:17 | Build | Farm |
| 12:33 | Build | House |
| 12:41 | Create | Villager (Male) |
| 12:46 | Create | Archer |
| 13:01 | Build | Farm |
| 13:14 | Create | Villager (Male) |
| 13:17 | Build | House |
| 13:23 | Create | Archer |
| 13:23 | Create | Archer |
| 13:23 | Create | Archer |
| 13:27 | Create | Villager (Male) |
| 13:29 | Build | Farm |
| 13:52 | Research | Town Watch |
| 13:57 | Create | Archer |
| 14:18 | Build | Market |
| 14:23 | Create | Villager (Male) |
| 14:26 | Create | Archer |
| 14:42 | Build | Farm |
| 14:44 | Create | Villager (Male) |
| 14:47 | Create | Archer |
| 15:15 | Build | Blacksmith |
| 15:17 | Create | Villager (Male) |
| 15:21 | Create | Archer |
| 15:40 | Create | Archer |
| 15:41 | Create | Villager (Male) |
| 15:49 | Build | House |
| 15:53 | Build | Farm |
| 16:40 | Research | Castle Age |
| 17:03 | Build | Lumber Camp |
| 17:27 | Create | Archer |
| 17:40 | Build | Farm |
| 17:42 | Create | Archer |
| 18:07 | Build | House |
| 18:11 | Create | Archer |
| 18:18 | Research | Fletching |
| 18:20 | Build | Farm |
| 19:01 | Build | Farm |
| 19:03 | Create | Archer |
| 19:20 | Age | Castle Age |
| 19:22 | Research | Crossbowman (upgrade) |
| 19:22 | Research | Bodkin Arrow |
| 19:29 | Build | Farm |
| 19:30 | Build | Farm |
| 19:33 | Build | University |
| 19:34 | Create | Villager (Male) |
| 19:45 | Create | Archer |
| 19:48 | Create | Villager (Male) |
| 20:02 | Create | Archer |
| 20:13 | Create | Archer |
| 20:19 | Create | Villager (Male) |
| 20:34 | Create | Archer |
| 20:38 | Build | House |
| 20:52 | Create | Villager (Male) |
| 21:03 | Create | Villager (Male) |
| 21:11 | Create | Archer |
| 21:25 | Create | Villager (Male) |
| 21:30 | Research | Ballistics |
Build order — Chimirindo
118 actions detected in the replay
| 0:00 | Create | Villager (Male) |
| 0:01 | Create | Villager (Male) |
| 0:01 | Create | Villager (Male) |
| 0:02 | Build | House |
| 0:03 | Build | House |
| 0:17 | Create | Villager (Male) |
| 1:28 | Create | Villager (Male) |
| 1:28 | Create | Villager (Male) |
| 1:53 | Build | Lumber Camp |
| 1:57 | Create | Villager (Male) |
| 1:57 | Create | Villager (Male) |
| 2:24 | Create | Villager (Male) |
| 2:48 | Create | Villager (Male) |
| 2:48 | Create | Villager (Male) |
| 3:17 | Create | Villager (Male) |
| 3:39 | Create | Villager (Male) |
| 3:51 | Build | House |
| 3:51 | Build | House |
| 4:07 | Create | Villager (Male) |
| 4:19 | Create | Villager (Male) |
| 4:56 | Create | Villager (Male) |
| 5:19 | Build | Barracks |
| 5:23 | Create | Villager (Male) |
| 5:55 | Create | Villager (Male) |
| 6:13 | Create | Militia |
| 6:14 | Create | Militia |
| 6:16 | Build | Palisade Wall |
| 6:18 | Create | Villager (Male) |
| 6:39 | Build | Mining Camp |
| 6:42 | Create | Villager (Male) |
| 6:53 | Create | Militia |
| 6:55 | Create | Villager (Male) |
| 7:33 | Research | Loom |
| 8:05 | Research | Feudal Age |
| 8:06 | Research | Feudal Age |
| 8:27 | Build | Mill |
| 9:46 | Create | Villager (Male) |
| 10:15 | Age | Feudal Age |
| 10:27 | Build | Archery Range |
| 10:32 | Research | Double-Bit Axe |
| 10:35 | Build | Mill |
| 10:48 | Create | Villager (Male) |
| 10:51 | Build | House |
| 11:23 | Create | Villager (Male) |
| 11:24 | Create | Skirmisher |
| 11:42 | Create | Villager (Male) |
| 11:49 | Build | Blacksmith |
| 11:51 | Create | Villager (Male) |
| 11:53 | Build | Palisade Wall |
| 11:54 | Build | Palisade Wall |
| 11:59 | Create | Skirmisher |
| 12:08 | Research | Horse Collar |
| 12:10 | Build | Farm |
| 12:15 | Build | Farm |
| 12:30 | Build | House |
| 12:37 | Create | Skirmisher |
| 12:38 | Create | Villager (Male) |
| 12:50 | Research | Town Watch |
| 12:54 | Create | Skirmisher |
| 13:05 | Build | Palisade Wall |
| 13:09 | Build | Palisade Wall |
| 13:11 | Build | Palisade Wall |
| 13:12 | Build | Palisade Wall |
| 13:12 | Build | Palisade Wall |
| 13:16 | Create | Villager (Male) |
| 13:25 | Create | Archer |
| 13:33 | Create | Villager (Male) |
| 13:37 | Build | Farm |
| 13:44 | Create | Skirmisher |
| 13:44 | Create | Skirmisher |
| 13:49 | Create | Archer |
| 13:58 | Create | Villager (Male) |
| 14:05 | Build | Farm |
| 14:10 | Build | House |
| 14:21 | Build | House |
| 14:23 | Build | Farm |
| 14:29 | Create | Villager (Male) |
| 14:46 | Build | Farm |
| 14:48 | Build | Farm |
| 14:52 | Create | Archer |
| 15:06 | Build | Farm |
| 15:09 | Build | Farm |
| 15:13 | Create | Villager (Male) |
| 15:23 | Create | Archer |
| 15:27 | Create | Villager (Male) |
| 15:30 | Research | Fletching |
| 16:01 | Create | Archer |
| 16:10 | Create | Villager (Male) |
| 16:10 | Create | Archer |
| 16:14 | Build | Lumber Camp |
| 16:32 | Create | Villager (Male) |
| 16:33 | Create | Archer |
| 16:35 | Build | Farm |
| 16:39 | Build | Market |
| 16:55 | Create | Villager (Male) |
| 17:16 | Build | Farm |
| 17:21 | Build | Farm |
| 17:24 | Build | Farm |
| 17:25 | Create | Villager (Male) |
| 17:31 | Build | House |
| 17:51 | Create | Villager (Male) |
| 18:15 | Research | Castle Age |
| 18:30 | Build | Archery Range |
| 18:32 | Build | Palisade Wall |
| 18:34 | Build | Palisade Wall |
| 18:46 | Research | Padded Archer Armor |
| 18:58 | Create | Archer |
| 18:59 | Create | Archer |
| 19:31 | Create | Archer |
| 19:31 | Create | Archer |
| 19:43 | Create | Archer |
| 19:55 | Build | House |
| 20:28 | Research | Gold Mining |
| 20:29 | Build | House |
| 20:56 | Age | Castle Age |
| 21:24 | Build | House |
| 21:26 | Build | House |
| 21:32 | Build | House |
Match timeline
| 5:19 | Chimirindo · first_building Barracks |
| 5:58 | FYI Inc · wall_segment Palisade Wall x1 |
| 5:59 | FYI Inc · wall_segment Palisade Wall x1 |
| 6:04 | FYI Inc · wall_segment Palisade Wall x1 |
| 6:16 | Chimirindo · wall_segment Palisade Wall x1 |
| 6:27 | FYI Inc · first_building Barracks |
| 7:36 | FYI Inc · wall_segment Palisade Wall x16 |
| 7:38 | FYI Inc · wall_segment Palisade Wall x5 |
| 7:48 | FYI Inc · wall_segment Palisade Wall x4 |
| 8:55 | FYI Inc · age_up feudal |
| 9:37 | FYI Inc · first_building Archery Range |
| 10:15 | Chimirindo · age_up feudal |
| 10:27 | Chimirindo · first_building Archery Range |
| 11:03 | FYI Inc · wall_segment Palisade Wall x5 |
| 11:25 | FYI Inc · wall_segment Palisade Wall x3 |
| 11:53 | Chimirindo · wall_segment Palisade Wall x1 |
| 11:54 | Chimirindo · wall_segment Palisade Wall x4 |
| 13:05 | Chimirindo · wall_segment Palisade Wall x1 |
| 13:09 | Chimirindo · wall_segment Palisade Wall x6 |
| 13:11 | Chimirindo · wall_segment Palisade Wall x4 |
| 13:12 | Chimirindo · wall_segment Palisade Wall x1 |
| 13:12 | Chimirindo · wall_segment Palisade Wall x1 |
| 15:30 | FYI Inc · first_market_buy 100 food |
| 15:30 | FYI Inc · first_market_sell 100 stone |
| 17:41 | Chimirindo · first_market_sell 100 stone |
| 17:42 | Chimirindo · first_market_buy 100 food |
| 18:32 | Chimirindo · wall_segment Palisade Wall x5 |
| 18:34 | Chimirindo · wall_segment Palisade Wall x3 |
| 19:20 | FYI Inc · age_up castle |
| 20:56 | Chimirindo · age_up castle |
| 21:41 | Chimirindo · resign |
[ AI ANALYSIS · 1 CREDIT ]
What really happened in this match?
Wolo.gg analyzes every decision: build order, eco, micro, common mistakes by bracket. Personalized analysis on WhatsApp or Discord in 30 seconds.
Civ guide
Italians
Perfil
Jugador #221997